 Dungeon Crawl Stone Soup version 0.16-a0-3940-gf8a207b (console) character file.

2200 Monkaria the Cleaver (level 9, 0/75 HPs)
             Began as a Deep Dwarf Fighter on Feb 7, 2015.
             Was an Elder of Makhleb.
             Slain by an orc knight
             ... wielding a +0 war axe
              (11 damage)
             ... in a bailey.
             The game lasted 00:18:49 (5713 turns).

Monkaria the Cleaver (Deep Dwarf Fighter)           Turns: 5713, Time: 00:18:50

Health: 0/75       AC:  9    Str: 21 (23) XL:     9   Next: 12%
Magic:  18/18      EV:  8    Int:  7      God:    Makhleb [****..]
Gold:   125        SH:  9    Dex: 11 (13) Spells: 0 memorised, 8 levels left

rFire  . . .     SeeInvis +     a - +0 war axe
rCold  + + .     Clarity  .     U - +0 ring mail "Tuez" {rPois+ rC+ Dex+3 SInv}
rNeg   . . .     SustAb   .     c - +0 shield
rPois  +         Gourm    .     p - +0 helmet
rElec  .         Spirit   .     N - +0 cloak
rCorr  .         Warding  .     (no gloves)
rMut   .         Stasis   .     u - +0 pair of boots
MR     +....                    (no amulet)
Stlth  +.........               b - ring of invisibility
                                A - ring of protection from cold

@: non-regenerating, somewhat resistant to hostile enchantments, very unstealthy
A: damage resistance, recharge devices, clumsy 1, dopey 1, sense surroundings 2,
screaming 1, slow healing 3
a: Device Recharging, Minor Destruction, Lesser Servant of Makhleb, Major
Destruction, Renounce Religion, Evoke Invisibility


You were in a bailey.
You worshipped Makhleb.
Makhleb was greatly pleased with you.
You were not hungry.

You visited 2 branches of the dungeon, and saw 8 of its levels.
You also visited: Bailey.

You collected 262 gold pieces.
You spent 137 gold pieces at shops.

Inventory:

Hand weapons
 a - a +0 war axe (weapon)
Missiles
 k - 5 needles of confusion
 y - 38 poisoned needles
 M - 11 tomahawks of returning (quivered)
Armour
 c - a +0 shield (worn)
 m - a +4 ring mail of fire resistance
 p - a +0 helmet (worn)
 u - a +0 pair of boots (worn)
 N - a +0 cloak (worn)
 U - the +0 ring mail "Tuez" (worn) {rPois+ rC+ Dex+3 SInv}
   (You found it on level 6 of the Dungeon)

   It affects your dexterity (+3).
   It protects you from cold.
   It protects you from poison.
   It enhances your eyesight.
 V - the cursed -4 ring mail "Struakeiv" {Dex+2 Stlth+, unknown}
   (You took it off a kobold in a bailey)

   It affects your dexterity (+2).
   It makes you more stealthy.
   It has a curse placed upon it.
Jewellery
 b - a ring of invisibility (right hand)
 A - a ring of protection from cold (left hand)
 R - an uncursed ring of see invisible
Magical devices
 d - a wand of heal wounds (8)
 r - a wand of enslavement (0)
 J - a wand of magic darts (27)
 K - a wand of slowing (0)
 O - a wand of polymorph (0)
 S - a wand of confusion (14)
Scrolls
 h - 5 scrolls of remove curse
 j - a scroll of blinking
 l - a scroll of immolation
 o - a scroll of magic mapping
 q - 3 scrolls of recharging {unknown}
 t - a scroll of fear {unknown}
 w - 3 scrolls of amnesia {unknown}
 x - 2 scrolls of enchant armour {unknown}
 z - 6 scrolls of teleportation
 B - 2 scrolls of fog {unknown}
Potions
 e - a potion of might
 n - a potion of heal wounds
 s - a potion of agility
 v - a potion of haste
 C - 2 potions of ambrosia
 E - 2 potions of curing
 F - 3 potions of restore abilities
 G - 2 potions of brilliance
 H - 2 potions of flight
 I - a potion of magic
Books
 L - a book of Battle

   Spells                             Type                      Level
   a - Infusion                       Charms                       1
   b - Shroud of Golubria             Charms/Translocation         2
   c - Song of Slaying                Charms                       2
   d - Spectral Weapon                Hexes/Charms                 3
   e - Regeneration                   Charms/Necromancy            3
 Q - an Akashic Record {highlevel, unknown}

   This book is beyond your current level of understanding.

   Spells                             Type                      Level
   a - Dispersal                      Translocation                6
   b - Controlled Blink               Translocation                7
   c - Malign Gateway                 Summoning/Translocation      7
   d - Disjunction                    Translocation                8
   e - Singularity                    Translocation                9
Miscellaneous
 P - a plain deck of defence
Comestibles
 f - 6 bread rations
 g - a beef jerky
 i - a slice of pizza
 D - a meat ration
 T - 4 poisonous chunks of flesh


   Skills:
 - Level 3.0 Fighting
 + Level 10.3 Axes
 - Level 3.2 Armour
 - Level 3.2 Shields
 - Level 9.1 Invocations
 - Level 4.0 Evocations


You had 8 spell levels left.
You didn't know any spells.

Dungeon Overview and Level Annotations

Branches:
Dungeon (7/15)             Temple (1/1) D:5

Altars:
Ashenzari
Cheibriados
Elyvilon
Fedhas
Makhleb
Okawaru
Qazlal
Ru
Sif Muna
Trog
Vehumet
Zin
The Shining One

Shops:
D:4 *   D:5 *


Innate Abilities, Weirdness & Mutations

You are resistant to damage.
You can recharge devices by infusing magical energy.
You passively map the area around you.
You do not heal naturally.
You are clumsy. (Dex -2)
You are dopey. (Int -2)
You occasionally shout uncontrollably at your foes.


Message History

You closely miss the orc warrior.
Your shield prevents you from hitting the goblin.
The orc knight hits you with a war axe! The goblin barely misses you.
The kobold throws a tomahawk of returning.
The tomahawk of returning hits you but does no damage.
The weapon returns to the kobold!
You completely miss the orc knight. You closely miss the orc warrior.
You closely miss the goblin. The orc warrior barely misses you.
The orc knight barely misses you. You block the goblin's attack.
The kobold throws a tomahawk of returning.
The tomahawk of returning closely misses you.
Unknown command.
You slash the orc knight!
The orc knight is lightly wounded.
You closely miss the goblin.
You hit the orc warrior but do no damage.
The orc warrior hits you with a war axe!
* * * LOW HITPOINT WARNING * * *
The orc knight hits you with a war axe!
You die...

######### .....#..##
†..#.....#
########.#############
........†......oo....####
..†.#########..g@.......##
##### , , ,##'#.........## ,,
, #..#....⌠.....# ' , ,
,,#..###.......## '. *
#'####..#.#.....######## ##.
...,....#'#...K..#≈≈≈≈≈≈* .#.
####'####..#.....≈≈≈≈≈≈≈≈≈≈≈
≈####..oo...####))≈≈≈≈≈≈≈≈≈#*
≈≈≈K#.g.goK.#∩≈≈≈≈≈≈≈..(.###
*


You could see an orc knight, an orc warrior (frenzied), a goblin and a kobold.

Vanquished Creatures
  Pikel (D:5)
  A mottled dragon (D:6)
  A sky beast (D:6)
  A phantom (D:6)
  A slave (D:5)
  An ogre (D:5)
  An orc warrior (Bailey)
  A centaur (D:5)
  Sigmund (D:6)
  Blork the orc (D:6)
  2 giant frogs (D:7)
  2 goliath beetles
  2 crimson imps
  Crazy Yiuf (D:5)
  A quasit (D:5)
  4 orc priests
  4 orc wizards
  3 worker ants
  Natasha (thrice) (D:6)
  A gnoll shaman (D:4)
  Ijyb (D:2)
  Jessica (D:2)
  Robin (D:4)
  10 gnolls
  9 adders
  2 worms
  7 giant geckos
  16 orcs
  22 bats
  11 giant cockroaches
  15 hobgoblins
  13 jackals
  15 kobolds
  3 ball pythons
  A ball python skeleton (D:5)
  4 giant newts
  25 goblins
  4 quokkas
  A quokka zombie (D:6)
  13 rats
207 creatures vanquished.

Vanquished Creatures (others)
  A worker ant (D:5)
  A kobold (D:5)
2 creatures vanquished.

Grand Total: 209 creatures vanquished

Notes
Turn   | Place    | Note
--------------------------------------------------------------
     0 | D:1      | Monkaria, the Deep Dwarf Fighter, began the quest for the Orb.
     0 | D:1      | Reached XP level 1. HP: 20/20 MP: 1/1
   146 | D:1      | Reached XP level 2. HP: 26/28 MP: 2/2
   736 | D:2      | Reached XP level 3. HP: 24/34 MP: 3/3
   759 | D:2      | Found a radiant altar of Vehumet.
   900 | D:2      | Noticed Ijyb
   936 | D:2      | Killed Ijyb
   936 | D:2      | Reached skill level 4 in Axes
   956 | D:2      | Noticed Jessica
   960 | D:2      | Killed Jessica
   960 | D:2      | Reached XP level 4. HP: 18/42 MP: 4/4
  1315 | D:2      | Reached skill level 5 in Axes
  1716 | D:2      | Reached XP level 5. HP: 21/49 MP: 5/5
  1763 | D:3      | Reached skill level 6 in Axes
  2496 | D:4      | Found Treasch's Assorted Antiques.
  2504 | D:4      | Bought a sapphire potion for 19 gold pieces
  2504 | D:4      | Bought a sapphire potion for 19 gold pieces
  2504 | D:4      | Bought a cyan potion for 19 gold pieces
  2504 | D:4      | Bought a scroll labeled GUGAPNAOLU for 22 gold pieces
  2504 | D:4      | Bought a scroll labeled FRIANG OZUSU for 22 gold pieces
  2656 | D:4      | Found a burning altar of Makhleb.
  2739 | D:4      | Became a worshipper of Makhleb the Destroyer
  2785 | D:4      | Reached XP level 6. HP: 34/56 MP: 6/6
  2789 | D:4      | Reached skill level 7 in Axes
  3198 | D:4      | Acquired Makhleb's first power
  3214 | D:4      | Noticed Robin
  3226 | D:4      | Killed Robin
  3226 | D:4      | Reached skill level 1 in Invocations
  3485 | D:5      | Entered Level 5 of the Dungeon
  3607 | D:5      | Acquired Makhleb's second power
  3655 | D:5      | Reached skill level 5 in Invocations
  3655 | D:5      | Reached XP level 7. HP: 42/62 MP: 11/13
  3759 | D:5      | Noticed Pikel
  3823 | D:5      | Killed Pikel
  3823 | D:5      | Reached skill level 9 in Invocations
  3823 | D:5      | Reached XP level 8. HP: 62/69 MP: 14/19
  3846 | D:5      | Found Wesuagiosa's General Store.
  3851 | D:5      | Bought a scroll of teleportation for 36 gold pieces
  3878 | D:5      | Noticed Crazy Yiuf
  3883 | D:5      | Killed Crazy Yiuf
  3883 | D:5      | Reached skill level 1 in Evocations
  4085 | D:5      | Found an iron altar of Okawaru.
  4185 | D:5      | Found a staircase to the Ecumenical Temple.
  4194 | Temple   | Entered the Ecumenical Temple
  4581 | D:6      | Noticed Natasha
  4588 | D:6      | Killed Natasha
  4630 | D:6      | Noticed Natasha
  4640 | D:6      | Killed Natasha
  4662 | D:6      | Acquired Makhleb's third power
  4663 | D:6      | Noticed Natasha
  4666 | D:6      | Killed Natasha
  4875 | D:6      | Noticed Sigmund
  4929 | D:6      | Killed Sigmund
  4968 | D:6      | Got an agate-encrusted ring mail
  4979 | D:6      | Identified the +0 ring mail "Tuez" {rPois+ rC+ Dex+3 SInv} (You found it on level 6 of the Dungeon)
  5268 | D:6      | Noticed Blork the orc
  5281 | D:6      | Killed Blork the orc
  5390 | D:7      | Gained mutation: You passively map the area around you. [level up]
  5390 | D:7      | Reached XP level 9. HP: 53/75 MP: 19/19
  5443 | D:7      | Reached skill level 10 in Axes
  5472 | D:7      | Found a flagged portal.
  5486 | Bailey   | Entered a bailey
  5487 | Bailey   | Gained mutation: You are dopey. (Int -2) [potion of mutation]
  5487 | Bailey   | Gained mutation: You occasionally shout uncontrollably at your foes. [potion of mutation]
  5487 | Bailey   | Gained mutation: You are clumsy. (Dex -2) [potion of mutation]
  5496 | Bailey   | Noticed an orc knight
  5561 | Bailey   | Acquired Makhleb's fourth power
  5634 | Bailey   | Got a scorched ring mail
  5713 | Bailey   | Slain by an orc knight

Action                   |  1- 3 |  4- 6 |  7- 9 || total
-------------------------+-------+-------+-------++-------
Melee: War axe           |   104 |   308 |   344 ||   756
 Abil: Device Recharging |       |       |     3 ||     3
Evoke: Wand              |       |     5 |    20 ||    25
  Use: Scroll            |       |     8 |     6 ||    14
       Potion            |       |     1 |     5 ||     6
  Eat: Chunk             |       |     9 |     8 ||    17
